Map: [ESL] Alcyone

Players

trigger

  • Race: Protoss Protoss
  • Spawn Location: 7:00

GuMiho - Winner!

  • Race: Terran Terran
  • Spawn Location: 1:00

Event: IEM Katowice 2024

VOD

Have the link to the VOD?

Description

Time

  • Played on: Feb. 8, 2024, 7:15 a.m.
  • Length: 15:02

All games in this series

Show
View Real Time Build Order
Export as new Build Order

trigger Protoss 

Build Orders: 1 Gate Expand, Phoenix Opening, Chargelot Immortal, Colossus Rush 

Get SALT Encoding   

  12  0:00  Probe  
  13  0:13  Probe  
  14  0:17  Pylon  
  14  0:25  Probe (Chrono Boost)  
  15  0:36  Gateway  
  15  0:37  Probe (Chrono Boost)  
  16  0:44  Probe (Chrono Boost)  
  16  0:46  Assimilator  
  17  0:51  Probe  
  18  1:03  Probe  
  19  1:15  Probe  
  20  1:23  Cybernetics Core  
  20  1:33  Nexus  
  20  1:37  Probe  
  21  1:44  Pylon  
  21  1:48  Assimilator  
  21  1:51  Probe  
  22  2:00  Adept (Chrono Boost)  
  22  2:01  Warp Gate  
  22  2:05  Probe  
  25  2:14  Pylon  
  25  2:17  Probe  
  25  2:21  Adept (Chrono Boost)  
  28  2:32  Stargate  
  28  2:37  Probe  
  28  2:42  Adept  
  29  2:48  Probe  
  29  2:49  Probe  
  33  3:00  Probe  
  33  3:03  Probe  
  35  3:12  Probe  
  36  3:15  Probe  
  36  3:18  Phoenix (Chrono Boost)  
  39  3:24  Probe  
  38  3:27  Probe  
  38  3:33  Pylon  
  39  3:35  Robotics Facility  
  39  3:36  Probe, Phoenix (Chrono Boost)  
  42  3:42  Probe  
  43  3:52  Stalker  
  43  3:53  Assimilator  
  43  3:54  Probe  
  43  3:55  Shield Battery  
  46  4:01  Phoenix (Chrono Boost)  
  46  4:02  Probe  
  49  4:07  Probe  
  49  4:08  Assimilator  
  50  4:11  Pylon  
  50  4:14  Probe  
  50  4:17  Phoenix (Chrono Boost)  
  53  4:28  Probe  
  54  4:32  Probe  
  54  4:36  Pylon  
  55  4:39  Cybernetics Core, Immortal (Chrono Boost)  
  59  4:49  Probe  
  59  4:51  Pylon  
  60  4:57  Gateway  
  60  5:01  Phoenix  
  60  5:02  Pylon  
  62  5:13  Robotics Bay  
  57  5:24  Immortal (Chrono Boost), Probe  
  62  5:28  Pylon  
  62  5:34  Probe  
  63  5:40  Probe  
  64  5:46  Nexus  
  64  5:49  Probe  
  65  5:54  Probe  
  66  5:57  Colossus (Chrono Boost)  
  66  6:03  Stalker  
  74  6:06  Pylon  
  74  6:07  Probe  
  75  6:12  Probe  
  75  6:13  Phoenix, Pylon  
  78  6:22  Probe  
  78  6:25  Shield Battery  
  79  6:28  Probe  
  80  6:34  Stalker  
  80  6:39  Twilight Council  
  82  6:40  Gateway, Probe x2  
  82  6:46  Immortal (Chrono Boost)  
  84  6:47  Shield Battery  
  90  6:55  Probe (Chrono Boost)  
  90  6:56  Probe (Chrono Boost)  
  90  6:58  Probe (Chrono Boost)  
  91  7:04  Stalker  
  95  7:08  Probe x2 (Chrono Boost)  
  95  7:09  Probe (Chrono Boost), Forge  
  96  7:16  Gateway, Probe  
  96  7:18  Observer (Chrono Boost)  
  96  7:19  Probe x2  
  100  7:23  Shield Battery, Charge  
  100  7:24  Gateway  
  100  7:27  Sentry  
  100  7:29  Probe  
  103  7:32  Protoss Ground Weapons Level 1  
  103  7:34  Sentry, Immortal (Chrono Boost)  
  109  7:41  Observer  
  109  7:42  Photon Cannon  
  109  7:43  Probe  
  109  7:44  Probe x2  
  112  7:46  Assimilator  
  112  7:55  Zealot  
  112  7:56  Assimilator, Probe  
  115  8:00  Extended Thermal Lance  
  115  8:01  Pylon  
  115  8:12  Stalker  
  116  8:16  Pylon  
  116  8:18  Pylon  
  116  8:19  Colossus (Chrono Boost)  
  122  8:29  Templar Archives, Pylon  
  122  8:30  Zealot, Gateway, Pylon  
  122  8:31  Gateway  
  124  8:38  Zealot  
  124  8:39  Zealot x2  
  130  8:51  Colossus (Chrono Boost)  
  128  9:01  Zealot x3  
  134  9:09  Gateway  
  134  9:10  Zealot  
  134  9:16  Probe x2  
  138  9:17  Probe  
  138  9:22  Zealot x3  
  138  9:23  Nexus  
  145  9:26  Zealot x2  
  147  9:38  Pylon  
  147  9:39  Protoss Ground Weapons Level 2 (Chrono Boost), Observer (Chrono Boost)  
  147  9:43  Pylon  
  147  9:44  Robotics Facility  
  148  9:45  High Templar x4  
  148  9:49  Pylon  
  148  9:51  Blink  
  156  9:54  Immortal (Chrono Boost), Pylon  
  156  9:55  Psionic Storm  
  160  10:06  Stalker x3  
  156  10:22  Archon  
  156  10:24  Zealot x4  
  122  10:37  Zealot x3  
  117  10:45  Stalker x4  
  125  10:51  Disruptor (Chrono Boost)  
  125  10:52  Gateway  
  125  10:53  Disruptor (Chrono Boost)  
  133  10:58  Stalker x3  
  139  11:11  Stalker x4  
  139  11:21  Stalker x3  
  143  11:35  Disruptor (Chrono Boost)  
  143  11:38  Zealot x4  
  147  11:44  Zealot x3  
  151  11:48  Probe  
  151  11:50  Stalker  
  138  12:02  Stalker x4  
  142  12:11  Stalker x3  
  145  12:29  Probe  
  132  12:31  Zealot x5  
  132  12:39  Stalker x3  
  138  12:51  Stalker x3  
  138  12:55  Zealot x2  
  142  13:10  Nexus  
  142  13:12  Disruptor (Chrono Boost)  
  142  13:17  Robotics Facility  
  146  13:38  Sentry x2, High Templar x4  
  156  13:41  Pylon  
  156  13:42  Archon  
  156  13:43  Archon  
  156  13:44  Pylon  
  156  13:46  Pylon  
  156  13:47  Disruptor  
  156  13:55  Zealot x2  
  144  14:07  Zealot x2  
  132  14:19  Zealot x6  
  132  14:23  Disruptor (Chrono Boost)  
  121  14:41  Zealot x8  
Show
View Real Time Build Order
Export as new Build Order

GuMiho Terran - Winner!

Build Orders: Cyclone Opening 

Get SALT Encoding   

  12  0:00  SCV  
  13  0:12  SCV  
  14  0:16  Supply Depot  
  14  0:24  SCV  
  15  0:38  SCV  
  15  0:40  Barracks  
  15  0:42  Refinery  
  16  0:50  SCV  
  16  0:52  Refinery  
  17  1:02  SCV  
  18  1:14  SCV  
  19  1:27  Orbital Command, Reaper  
  19  1:28  Supply Depot  
  20  1:39  Factory  
  20  1:52  SCV  
  21  1:59  Reaper  
  22  2:04  SCV  
  23  2:14  Command Center  
  23  2:17  SCV  
  23  2:22  Cyclone  
  26  2:29  SCV  
  27  2:32  Supply Depot  
  27  2:34  Barracks Reactor  
  27  2:41  SCV  
  28  2:49  Starport  
  28  2:53  SCV  
  28  2:55  Widow Mine  
  31  3:05  SCV  
  32  3:11  Marine x2  
  34  3:16  Widow Mine  
  34  3:17  SCV  
  37  3:26  Medivac  
  38  3:28  Orbital Command  
  38  3:29  SCV  
  38  3:30  Marine  
  38  3:32  Marine  
  41  3:40  Factory Tech Lab  
  41  3:41  SCV  
  41  3:48  Marine  
  43  3:50  Marine  
  43  3:53  SCV  
  43  3:55  SCV  
  46  3:59  Supply Depot  
  46  4:06  SCV  
  46  4:07  SCV  
  48  4:10  Command Center  
  48  4:14  Cyclone  
  48  4:16  Cyclone  
  52  4:18  SCV  
  52  4:19  SCV  
  54  4:27  Refinery x2  
  54  4:32  SCV  
  54  4:33  SCV  
  54  4:37  Marine  
  56  4:44  SCV  
  57  4:46  Raven  
  57  4:48  SCV  
  57  4:51  Supply Depot  
  60  4:55  Marine  
  60  4:56  SCV  
  62  5:04  Interference Matrix  
  62  5:05  Supply Depot  
  62  5:06  Cyclone x2, SCV  
  67  5:08  SCV, Supply Depot  
  69  5:18  SCV  
  69  5:20  SCV  
  71  5:25  Raven  
  47  5:28  Orbital Command  
  67  5:30  Barracks Tech Lab, SCV  
  67  5:33  SCV  
  67  5:34  Barracks x2  
  68  5:39  Cyclone  
  68  5:40  Cyclone  
  68  5:42  SCV  
  72  5:45  SCV  
  72  5:46  Engineering Bay  
  73  5:50  Marine  
  73  5:51  Stimpack  
  73  5:52  Supply Depot  
  72  5:59  Orbital Command  
  72  6:00  SCV x2  
  72  6:02  Raven  
  76  6:12  SCV  
  76  6:15  Barracks, SCV  
  78  6:20  Factory Reactor, Marine  
  78  6:23  Barracks  
  78  6:24  SCV  
  78  6:25  Missile Turret  
  80  6:27  Barracks Reactor, Barracks Tech Lab  
  80  6:28  Terran Infantry Weapons Level 1  
  80  6:31  Missile Turret  
  79  6:35  SCV x2  
  79  6:36  SCV  
  79  6:38  Marine  
  83  6:47  Marine  
  83  6:49  Combat Shield  
  83  6:50  SCV x3  
  83  6:53  Supply Depot  
  87  6:56  Marauder  
  87  6:59  Starport Reactor  
  89  7:02  SCV x2  
  89  7:03  SCV  
  89  7:05  Missile Turret  
  92  7:14  Marauder  
  92  7:15  Marine x2  
  96  7:18  Marauder  
  96  7:19  Factory Reactor, SCV  
  96  7:20  SCV x2  
  96  7:22  Refinery x2  
  101  7:27  Concussive Shells, Armory, Marauder  
  101  7:29  Marine x2  
  105  7:30  Starport  
  105  7:32  SCV x3  
  105  7:34  Marine x2  
  105  7:35  Supply Depot  
  105  7:36  Marauder  
  105  7:37  Supply Depot, Medivac  
  114  7:39  Medivac  
  114  7:44  SCV x3, Engineering Bay  
  118  7:51  Marauder x2, Supply Depot  
  121  7:52  Marine  
  121  7:54  Supply Depot  
  121  7:58  SCV x3  
  127  8:10  Viking x4  
  138  8:17  Supply Depot  
  138  8:19  Supply Depot  
  137  8:23  Command Center  
  137  8:24  Terran Infantry Weapons Level 2  
  137  8:25  Terran Infantry Armor Level 1  
  137  8:26  Terran Ship Weapons Level 1  
  134  8:30  Marauder, Marine  
  134  8:31  Marine  
  134  8:32  Marine  
  134  8:33  Marine x2  
  141  8:41  Fusion Core  
  140  8:50  Liberator x3  
  139  9:04  Marauder x2, Marine x3  
  139  9:06  Liberator, Marauder  
  151  9:11  Supply Depot  
  151  9:13  Marine  
  151  9:14  Supply Depot  
  152  9:22  Marine x2  
  147  9:26  Marauder x2  
  147  9:27  Marauder  
  147  9:29  Marine  
  154  9:31  Marine  
  154  9:32  Advanced Ballistics  
  154  9:34  Liberator x2  
  161  9:42  Liberator  
  164  9:47  Marauder x2  
  164  9:50  SCV x3  
  164  9:51  Barracks x3  
  171  10:02  SCV x2  
  165  10:33  Marauder x2  
  165  10:34  Marauder  
  144  10:36  Marine  
  144  10:37  Marine  
  144  10:38  Terran Ship Weapons Level 2  
  144  10:42  Marine x2  
  145  10:43  Planetary Fortress  
  145  10:54  Marine, Marauder x2  
  145  10:56  Marauder  
  148  11:06  Marine x4  
  148  11:07  Marine x2  
  148  11:11  Terran Infantry Armor Level 2, Terran Infantry Weapons Level 3  
  153  11:12  Marine  
  153  11:16  Marauder x2  
  153  11:17  Marauder  
  159  11:20  Command Center  
  159  11:24  Marine x4  
  163  11:28  Marine x2  
  164  11:37  Marauder x2  
  164  11:38  Marauder  
  168  11:42  Marine  
  168  11:43  Marine  
  168  11:44  Viking x4  
  178  11:50  Marine x2  
  178  11:51  Barracks Reactor, Barracks Tech Lab x2  
  179  11:56  Sensor Tower  
  179  11:58  Marauder x2  
  179  12:00  Caduceus Reactor, Marauder  
  177  12:14  Viking, Medivac x3  
  183  12:20  Marauder x2  
  182  12:25  Marauder  
  165  12:31  Marauder x2  
  165  12:33  Marine  
  165  12:34  Marine x2  
  134  12:37  Marine x2  
  134  12:38  Marine  
  134  12:41  Marauder x2  
  134  12:44  Liberator x4  
  140  12:46  Marauder  
  153  12:51  Marine x3  
  153  12:52  Marauder x2  
  153  12:55  Marine x3  
  163  13:02  Marauder  
  163  13:03  Marauder  
  163  13:07  Marine  
  163  13:09  Marine x3  
  157  13:13  Marine  
  157  13:14  Marauder x2  
  157  13:17  Planetary Fortress  
  162  13:21  Marine x2  
  162  13:24  Marauder x2  
  162  13:25  Marauder  
  162  13:26  Liberator  
  168  13:35  Marauder  
  168  13:40  Marine  
  171  13:43  Marine x2  
  171  13:45  Marauder x2  
  171  13:46  Marauder  
  176  13:51  Marine  
  176  13:53  Marine  
  174  13:56  Marauder  
  174  13:58  Marine  
  174  14:01  Marine x2  
  179  14:07  Marauder x2  
  179  14:08  Marauder  
  174  14:18  Marauder  
  173  14:28  Marauder x2  
  173  14:29  Marauder  
  191  14:32  Marine x2  
  187  14:38  Marine x2  
  187  14:39  Marauder  

Tags
 
Add a new tag
Caveats
  • Supply blocks, unpowered buildings, or Contaminate may cause inaccurate times.
  • Supply counts are checked every 10 seconds.